Map: 乌雷纳

Players

Punk

  • Race: Zerg Zerg
  • League: Grandmaster

Stork

  • Race: Zerg Zerg
  • League: Grandmaster

高冷小傲娇

  • Race: Protoss Protoss

我要夏天

  • Race: Protoss Protoss
  • League: Grandmaster

VOD

Have the link to the VOD?

Description

Time

  • Played on: Feb. 17, 2016, 12:23 a.m.
  • Length: 8:16
Show
View Real Time Build Order
Export as new Build Order

Punk Zerg 

Build Orders: Hatch First 

Get SALT Encoding   

  12  0:01  Drone  
  13  0:13  Overlord  
  13  0:17  Drone  
  14  0:33  Drone x2  
  16  0:37  Drone  
  17  0:55  Hatchery  
  16  0:58  Drone  
  16  1:00  Drone  
  16  1:02  Extractor  
  17  1:09  Drone  
  18  1:20  Spawning Pool  
  18  1:23  Drone  
  18  1:33  Drone  
  19  1:45  Overlord  
  19  1:54  Drone  
  20  2:04  Drone  
  20  2:06  Queen  
  20  2:07  Queen  
  20  2:08  Metabolic Boost  
  25  2:14  Zergling x2  
  25  2:15  Zergling x2  
  27  2:19  Drone  
  28  2:26  Zergling x2  
  29  2:30  Zergling x2  
  30  2:42  Queen  
  30  2:43  Pneumatized Carapace  
  32  2:53  Overlord  
  32  2:55  Evolution Chamber  
  32  2:56  Drone  
  32  2:59  Drone  
  32  3:01  Overlord  
  33  3:06  Overlord  
  32  3:17  Drone x3  
  32  3:31  Queen  
  32  3:33  Zergling x2  
  35  3:42  Zergling x6  
  35  3:47  Zergling x4  
  40  3:48  Zergling x2  
  40  3:51  Zergling x2  
  42  3:56  Zergling x4  
  42  4:01  Zergling x4  
  45  4:22  Zergling x2  
  45  4:23  Zergling x8  
  46  4:28  Drone  
  46  4:37  Drone x2  
  46  4:47  Drone x2  
  43  4:59  Drone x2  
  44  5:01  Queen  
  44  5:19  Drone x2  
  45  5:29  Drone x3  
  45  5:32  Zergling x2, Roach Warren  
  45  5:33  Zergling x6  
  51  5:43  Hatchery  
  50  5:52  Extractor  
  50  5:54  Queen  
  50  5:55  Overlord  
  50  5:56  Overlord  
  51  5:57  Spore Crawler  
  51  5:58  Overlord  
  50  6:12  Overlord  
  50  6:13  Queen  
  50  6:14  Overlord  
  50  6:17  Overlord  
  52  6:22  Drone  
  52  6:23  Drone x2  
  52  6:24  Drone  
  52  6:25  Roach x3  
  62  6:31  Queen  
  64  6:37  Drone x2  
  65  6:43  Roach x4  
  73  6:57  Roach x3  
  77  7:06  Roach x6  
  89  7:31  Queen  
  89  7:33  Roach x8  
  97  7:48  Drone  
  97  7:49  Drone x3  
  97  7:50  Drone x2  
  96  7:54  Spore Crawler  
  95  7:59  Drone x2  
Show
View Real Time Build Order
Export as new Build Order

Stork Zerg 

Build Orders:  

Get SALT Encoding   

  12  0:01  Probe (Chrono Boost)  
  13  0:11  Probe (Chrono Boost)  
  14  0:18  Pylon  
  14  0:22  Probe (Chrono Boost)  
  15  0:36  Probe (Chrono Boost)  
  15  0:41  Gateway  
  16  0:47  Probe (Chrono Boost)  
  17  0:50  Assimilator  
  17  0:57  Probe (Chrono Boost)  
  18  1:08  Probe (Chrono Boost)  
  19  1:11  Gateway  
  20  1:18  Probe (Chrono Boost)  
  20  1:29  Probe (Chrono Boost), Cybernetics Core  
  20  1:32  Pylon  
  21  1:39  Probe (Chrono Boost)  
  22  1:51  Probe (Chrono Boost)  
  23  2:01  Probe (Chrono Boost)  
  23  2:06  Adept (Chrono Boost)  
  23  2:07  Warp Gate (Chrono Boost)  
  23  2:08  Adept (Chrono Boost)  
  28  2:15  Pylon  
  28  2:33  Nexus  
  28  2:36  Probe  
  29  2:47  Assimilator  
  29  2:48  Adept x2  
  33  2:53  Probe  
  34  3:05  Pylon  
  34  3:12  Stargate  
  34  3:17  Adept  
  36  3:20  Probe  
  36  3:21  Adept  
  39  3:32  Probe  
  40  3:39  Gateway  
  40  3:41  Gateway  
  40  3:44  Probe  
  40  3:45  Probe  
  42  3:57  Mothership Core  
  42  4:00  Phoenix (Chrono Boost)  
  42  4:01  Probe  
  47  4:12  Probe, Adept  
  50  4:18  Pylon  
  47  4:26  Phoenix (Chrono Boost)  
  47  4:28  Probe  
  41  4:33  Pylon  
  41  4:48  Pylon  
  41  4:52  Pylon  
  37  4:53  Adept  
  37  4:54  Adept  
  29  5:07  Adept  
  29  5:10  Phoenix (Chrono Boost)  
  31  5:19  Adept  
  33  5:29  Gateway  
  33  5:36  Adept  
  33  5:41  Pylon  
  35  5:43  Adept  
  37  6:03  Phoenix (Chrono Boost)  
  39  6:06  Adept x2  
  42  6:22  Gateway  
  42  6:24  Phoenix (Chrono Boost)  
  44  6:29  Adept  
  44  6:31  Pylon  
  46  6:50  Pylon  
  46  6:52  Adept x2  
  50  6:58  Adept  
  50  7:25  Phoenix (Chrono Boost)  
  50  7:50  Adept x3  
  54  7:54  Phoenix (Chrono Boost)  
Show
View Real Time Build Order
Export as new Build Order

高冷小傲娇 Protoss 

Build Orders:  

Get SALT Encoding   

Show
View Real Time Build Order
Export as new Build Order

我要夏天 Protoss 

Build Orders:  

Get SALT Encoding   

Tags
 
Add a new tag
Caveats
  • Supply blocks, unpowered buildings, or Contaminate may cause inaccurate times.
  • Supply counts are checked every 10 seconds.